 Dungeon Crawl Stone Soup version 0.31-a0-971-g75a2e9a4b4 (webtiles) character file.

Game seed: 12170867160312558169

203 PimpSugar the Magician (level 6, -4/43 HPs)
             Began as a Djinni Hedge Wizard on Oct 28, 2023.
             Slain by a scorpion (6 damage)
             ... on level 4 of the Dungeon.
             The game lasted 00:10:06 (2577 turns).

PimpSugar the Magician (Djinni Hedge Wizard)        Turns: 2577, Time: 00:10:07

Health: -4/43      AC:  2    Str:  7      XL:     6   Next: 8%
Gold:   922        EV: 13    Int: 15 (17) God:
                   SH:  0    Dex: 13

rFire   + + .        k - +0 orcbow (freeze)
rCold   x . .        (shield currently unavailable)
rNeg    + . .        b - +0 robe
rPois   ∞            c - +0 hat
rElec   .            (no cloak)
rCorr   .            (no gloves)
SInv    .            (boots unavailable)
Will    .....        (no amulet)
Stlth   ++           q - ring of positive energy
HPRegen 0.27/turn    (no ring)
MPRegen 0.00/turn

%: infuse magic (-5 HP)
@: brilliant, attractive, on blink cooldown, flying
A: sickness immunity, fire resistance 2, cold vulnerability 1, float, innate
caster, HP casting, extra vitality 1, weak 1
a: no special abilities


You were on level 4 of the Dungeon.
You visited 1 branch of the dungeon, and saw 4 of its levels.

You collected 992 gold pieces.
You spent 70 gold pieces at shops.

Inventory:

Hand Weapons
 a - a +0 dagger
 i - a +2 heavy spear
 k - a +0 orcbow of freezing (weapon)
Missiles
 d - 45 stones
 g - 2 boomerangs
 j - 3 javelins
 l - 5 poisoned darts
Armour
 b - a +0 robe (worn)
 c - a +0 hat (worn)
Jewellery
 q - a ring of positive energy (left hand)
Talismans
 s - a storm talisman
Potions
 e - 2 potions of attraction
 f - a potion of mutation
 m - a potion of cancellation {unknown}
 n - a potion of might {unknown}


   Skills:
 + Level 1.7 Fighting
 + Level 3.1 Dodging
 + Level 2.4 Stealth
 * Level 3.5 Spellcasting
 * Level 3.5 Conjurations
 * Level 3.5 Hexes
   Level 0.0 Charms
 * Level 3.5 Summonings
 * Level 3.5 Necromancy
 * Level 3.5 Translocations
 * Level 3.5 Transmutations
 * Level 3.5 Fire Magic
 * Level 3.5 Ice Magic
 * Level 3.5 Air Magic
 * Level 3.5 Earth Magic
 * Level 3.5 Poison Magic
 + Level 1.7 Invocations
 + Level 1.7 Evocations
 + Level 0.0 Shapeshifting


You knew the following spells:

 Your Spells              Type           Power      Damage    Failure   Level
a - Magic Dart            Conj           76%        1d6       4%          1
b - Call Imp              Summ           38%        N/A       7%          2
c - Mephitic Cloud        Conj/Pois/Air  19%        N/A       14%         3
d - Slow                  Hex            76%        N/A       4%          1
e - Blink                 Tloc           38%        N/A       7%          2
f - Necrotise             Necr           76%        1d7       4%          1
g - Momentum Strike       Conj/Tloc      38%        3d9       7%          2
Your spell library was empty.

Dungeon Overview and Level Annotations

Branches:
Dungeon (4/15)
 Temple: D:4-7

Altars:
Okawaru
Trog
Xom
Zin

Shops:
D:1 !


Innate Abilities, Weirdness & Mutations

You are immune to sickness and miasma.
You are immune to poison.
Your flesh is very heat resistant. (rF++)
You are vulnerable to cold. (rC-)
You float through the air rather than walking.
You learn spells naturally, not from books.
Your magical power is your life essence.
You have superior vitality. (+4 MHP)
You are weak. (Str -2)


Message History

You shoot an arrow. The arrow barely misses the scorpion.
The scorpion stings you.
Your cerulean imp hits the scorpion but does no damage.
The scorpion stings you.
Your cerulean imp closely misses the scorpion.
The scorpion attacks as it pursues you!
The scorpion stings you but does no damage.
It was a potion of attraction.
You feel attractive to monsters.
Your cerulean imp closely misses the scorpion.
The scorpion completely misses you.
Your cerulean imp hits the scorpion from afar with a -3 spear.
The scorpion attacks as it pursues you! The scorpion misses you.
The scorpion attacks as it pursues you! The scorpion stings you.
The scorpion stings you.
* * * LOW HITPOINT WARNING * * *
Casting: Call Imp (safe; 7% risk of failure)
Confirm with . or Enter, or press ? or * to list all spells.
You blink.
* * * LOW HITPOINT WARNING * * *
Your cerulean imp hits the scorpion but does no damage.
The scorpion stings you.
* * * LOW HITPOINT WARNING * * *
You swap places.
Your cerulean imp hits the scorpion with a -3 spear.
The scorpion barely misses your cerulean imp.
The scorpion misses your cerulean imp.
Your cerulean imp barely misses the scorpion.
The scorpion is attracted toward you.
An orc comes into view. It is wielding a +0 falchion.
The orc shouts!
Your cerulean imp hits the scorpion but does no damage.
The orc moves out of view.
The scorpion stings you.
* * * LOW HITPOINT WARNING * * *
The orc is attracted toward you.
It was a potion of brilliance.
You feel clever all of a sudden. The scorpion stings you.
You die...

######## ##......#
.........# ###
.#######..# #.. #
.#.....#..# #.####.##
..#..$$.#..# #.@o.§..#
..+.._..#..###.#s##.##
..#.$$..#........###
..#.....#..###..$..#
..#######..#
#.##......_
...........# #.#
.##.... ...........#
#.. .. ...
#######.#### ### .##
.. #.# †#


You could see a scorpion and an orc.

Vanquished Creatures
  A water moccasin (D:3)
  2 adders
  2 adder zombies (D:2)
  An adder skeleton (D:2)
  A dart slug (D:2)
  4 orcs (D:3)
  5 ball pythons
  5 bats
  A bat skeleton (D:2)
  2 endoplasms
  2 giant cockroaches (D:1)
  5 goblins
  5 hobgoblins
  2 jackals (D:2)
  6 quokkas
  3 frilled lizards
  5 kobolds
  4 rats
56 creatures vanquished.

Vanquished Creatures (collateral kills)
  An endoplasm (D:2)
  2 giant cockroaches
  A goblin (D:1)
  A hobgoblin (D:3)
  A kobold (D:2)
  A ball python (D:3)
7 creatures vanquished.

Grand Total: 63 creatures vanquished

Notes
Turn   | Place    | Note
-------+----------+-------------------------------------------
     0 | D:1      | PimpSugar the Djinni Hedge Wizard began the quest for the
                  | Orb.
     0 | D:1      | PimpSugar set off with the following spells memorised:
                  | Magic Dart, Slow, Blink, Call Imp, Mephitic Cloud.
     0 | D:1      | Reached XP level 1. HP: 15/15 MP: 0/0
    79 | D:1      | Reached XP level 2. HP: 20/21 MP: 0/0
   142 | D:1      | Found a faded altar of an unknown god.
   149 | D:1      | Found Agamuvua's Distillery.
   170 | D:1      | Prayed at the altar of an unknown god.
   170 | D:1      | Became a worshipper of Xom of Chaos
   171 | D:1      | Fell from the grace of Xom
   352 | D:1      | Reached XP level 3. HP: 25/26 MP: 0/0
   352 | D:1      | Learned a level 1 spell: Necrotise
   613 | D:1      | Bought a potion of heal wounds for 70 gold pieces
   816 | D:2      | Reached XP level 4. HP: 28/31 MP: 0/0
   940 | D:2      | Reached skill level 1 in Fighting
   940 | D:2      | Reached skill level 1 in Invocations
   940 | D:2      | Reached skill level 1 in Evocations
  1040 | D:2      | XOM: god gift: 851 gold pieces
  1449 | D:3      | Noticed a water moccasin
  1468 | D:3      | Killed a water moccasin
  1469 | D:3      | Reached XP level 5. HP: 28/38 MP: 0/0
  1469 | D:3      | Learned a level 2 spell: Momentum Strike
  1536 | D:3      | Found an iron altar of Okawaru.
  1580 | D:3      | XOM: give mutation
  1580 | D:3      | Gained mutation: You are weak. (Str -2) [Xom's mischief]
  1741 | D:3      | Reached XP level 6. HP: 41/43 MP: 0/0
  2129 | D:3      | XOM: stat loss: -2 Int (15/17)
  2540 | D:4      | Found a bloodstained altar of Trog.
  2553 | D:4      | Found a glowing silver altar of Zin.
  2576 | D:4      | HP: 2/43 [scorpion (4)]
  2577 | D:4      | Slain by a scorpion

Illustrated notes

Levels and vault maps discovered:
D:1:      minmay_arrival_wavy_path, layout_basic, serial_shops,
          nicolae_shop_advertising_works [nicolae_subvault_shop_adworks],
          dreamdust_ecumenical_altar_statues, hex_tiny, glass_columns_b
D:2:      layout_loops_ring, serial_undead, serial_undead_f, serial_undead_d,
          serial_undead_c, serial_undead_e
D:3:      layout_loops_cross, okawaru_metal_pillars_1_2
D:4:      layout_loops_cross, lemuel_round_altar, amcnicky_altar_gilded,
          minmay_temple_entry_butterflies, uniq_natasha

Skill      XL: |  1  2  3  4 |
---------------+-------------+-----
Spellcasting   | 3 |  3.5
Conjurations   | 3 |  3.5
Hexes          | 3 |  3.5
Summonings     | 3 |  3.5
Necromancy     | 3 |  3.5
Translocations | 3 |  3.5
Transmutations | 3 |  3.5
Fire Magic     | 3 |  3.5
Ice Magic      | 3 |  3.5
Air Magic      | 3 |  3.5
Earth Magic    | 3 |  3.5
Poison Magic   | 3 |  3.5
Fighting       | 1 |  1.7
Stealth        | 2 |  2.4
Invocations    | 1 |  1.7
Evocations     | 1 |  1.7
Dodging        | 3 |  3.1

Action                     |  1- 3 |  4- 6 || total
---------------------------+-------+-------++-------
  Melee: Dagger            |     8 |       ||     8
         Spear             |     3 |    25 ||    28
         Punch             |       |     1 ||     1
   Fire: Orcbow            |       |     8 ||     8
   Cast: Magic Dart        |    30 |    21 ||    51
         Call Imp          |     3 |     4 ||     7
         Necrotise         |    19 |    11 ||    30
         Mephitic Cloud    |       |     1 ||     1
         Blink             |       |     1 ||     1
 Invoke: Renounce Religion |     1 |       ||     1
Ability: Begin Untransform |       |     1 ||     1
    Use: Scroll            |       |     8 ||     8
         Potion            |       |     3 ||     3
   Stab: Sleeping          |       |     1 ||     1
 Armour: Robe              |    13 |    45 ||    58
  Dodge: Dodged            |    21 |    48 ||    69
   Form: Storm             |       |     1 ||     1

Table legend: (Time is in decaauts)
 A = Elapsed time spent in this place.
 B = Non-inter-level travel time spent in this place.
 C = Inter-level travel time spent in this place.
 D = Time resting spent in this place.
 E = Time spent auto-exploring this place.
 F = Levels seen in this place.
 G = Mean time per level.
                   A        B        C        D        E       F      G
               +--------+--------+--------+--------+--------+-----+--------+
         Total |   2597 |   2492 |    105 |    396 |   1411 |   4 |  649.2 |
       Dungeon |   2597 |   2492 |    105 |    396 |   1411 |   4 |  649.2 |
               +--------+--------+--------+--------+--------+-----+--------+

Top non-repeatable levels by time:
     D:3: 1097 daAuts
     D:2: 821 daAuts
     D:1: 621 daAuts
     D:4: 57 daAuts
